 Dungeon Sprint DCSS version 0.19.1 (webtiles) character file.

1271 KingBobo974 the Fencer (level 8, -9/58 HPs)
             Began as a Demonspawn Berserker on Dec 13, 2016.
             Was an Elder of Trog.
             Mangled by a demonic crawler (12 damage)
             ... in the Dungeon (Sprint I: "Red Sonja").
             The game lasted 00:03:55 (981 turns).

KingBobo974 the Fencer (Demonspawn Berserker)        Turns: 981, Time: 00:03:56

Health: -9/58      AC:  4    Str: 19    XL:     8   Next: 28%
Magic:  0/8        EV: 12    Int: 10    God:    Trog [****..]
Gold:   419        SH:  0    Dex: 12    Spells: 0 memorised, 7 levels left

rFire  . . .     SeeInvis .     a - +0 falchion
rCold  . . .     Gourm    .     k - +2 robe {MR+}
rNeg   . . .     Faith    .     (no shield)
rPois  .         Spirit   +     (helmet restricted)
rElec  .         Reflect  .     (no cloak)
rCorr  .         Harm     .     (no gloves)
MR     +....     NoTele   +     (no boots)
Stlth  +++.......               (no amulet)
                                (no ring)
                                (no ring)

@: exhausted, slowed, very slow
A: horns 1, nightstalker 1, magic shield, sturdy frame 1
a: Berserk, Trog's Hand, Brothers in Arms, Burn Spellbooks, Renounce Religion


You were in the Dungeon.
You worshipped Trog.
Trog was greatly pleased with you.
You were not hungry.

You visited 1 branch You collected 419 gold pieces.

Inventory:

Hand Weapons
 a - a +0 falchion (weapon)
Armour
 b - a +0 animal skin
 k - a +2 robe of magic resistance (worn)
Wands
 j - a wand of flame (23/48)
Scrolls
 i - a scroll of blinking
Potions
 c - a potion of degeneration {unknown}
 d - 2 potions of curing
 e - a potion of heal wounds
 f - a potion of haste
 g - 2 potions of magic
 h - a potion of berserk rage
Comestibles
 l - a fruit


   Skills:
 - Level 3.0 Fighting
 * Level 16.0 Long Blades
 - Level 1.7 Armour
 - Level 1.7 Dodging
 + Level 1.3 Stealth


You had 7 spell levels left.
You didn't know any spells.

Dungeon Overview and Level Annotations

Branches:
Dungeon (1/1)

Altars:
Cheibriados
Dithmenos
Elyvilon
Fedhas
Gozag
Hepliaklqana
Kikubaaqudgha
Makhleb
Nemelex Xobeh
Okawaru
Qazlal
Ru
Sif Muna
Trog
Uskayaw
Vehumet
Xom
Yredelemnul
Zin
The Shining One
Jiyva
Lugonu

Shops:
D (


Innate Abilities, Weirdness & Mutations

You have a pair of small horns on your head.
You are slightly more attuned to the shadows.
When hurt, damage is shared between your health and your magic reserves.
Your movements are slightly less encumbered by armour. (ER -2)


Message History

The demonic crawler misses you. The demonic crawler hits you!
Your skin stops crawling.
You feel less resistant to hostile enchantments.
The demonic crawler hits you. The demonic crawler hits you!
The demonic crawler barely misses you.
Items here: )) [[ † a dagger; a robe; a dagger; a robe; a kobold corpse The demonic crawler hits you!
The demonic crawler closely misses you. The demonic crawler hits you.
There is an open door, spattered with blood here.
The demonic crawler barely misses you.
The demonic crawler hits you but does no damage.
The demonic crawler hits you!
* * * LOW HITPOINT WARNING * * *
The demonic crawler misses you.
The demonic crawler hits you but does no damage.
The demonic crawler hits you!
* * * LOW HITPOINT WARNING * * *
The demonic crawler barely misses you. The demonic crawler hits you!
You die...

#######################
#..').#..'..#__#..ss..#
'..#..').#..'..'@s#)..##+#
#####'#####'#__####..s'..#
####..#...#.#### #####..+
#__####..##.# ##
#_____##'#..+
#_.∩...'..._#
#_..__##_.#'#
#_____###+#.# ####### ###


You could see 3 demonic crawlers.

Vanquished Creatures
  2 kobold demonologists (D)
  A slime creature (D)
  Sigmund (D)
  A yak (D)
  A floating eye (D)
  An ogre (D)
  A jelly (D)
  Ijyb (D)
9 creatures vanquished.

Vanquished Creatures (others)
  A gargoyle (D)
1 creature vanquished.

Grand Total: 10 creatures vanquished

Notes
Turn   | Place    | Note
-------+----------+-------------------------------------------
     0 | D        | KingBobo974 the Demonspawn Berserker began the quest for the Orb.
     0 | D        | Reached XP level 1. HP: 18/18 MP: 1/1
     2 | D        | Noticed Ijyb
    10 | D        | Killed Ijyb
    10 | D        | Reached skill level 5 in Long Blades
    10 | D        | Gained mutation: When hurt, damage is shared between your health and your magic reserves. [demonic ancestry]
    10 | D        | Reached XP level 2. HP: 7/24 MP: 2/2
   230 | D        | Noticed an ogre
   238 | D        | Killed an ogre
   238 | D        | Reached skill level 8 in Long Blades
   238 | D        | Reached XP level 3. HP: 29/29 MP: 3/3
   238 | D        | Reached XP level 4. HP: 35/35 MP: 4/4
   280 | D        | Noticed Sigmund
   291 | D        | Killed Sigmund
   291 | D        | Reached ** piety under Trog
   291 | D        | Reached skill level 11 in Long Blades
   291 | D        | Reached XP level 5. HP: 41/41 MP: 3/5
   291 | D        | Gained mutation: You are slightly more attuned to the shadows. [demonic ancestry]
   291 | D        | Reached XP level 6. HP: 47/47 MP: 3/6
   337 | D        | Killed a gargoyle
   341 | D        | Found a deep blue altar of Sif Muna.
   343 | D        | Found a radiant altar of Vehumet.
   348 | D        | Reached skill level 12 in Long Blades
   360 | D        | Found Geonemor's Weapon Emporium.
   360 | D        | Found a hazy altar of Hepliaklqana.
   360 | D        | Found a stormy altar of Qazlal.
   360 | D        | Found a hide-covered altar of Uskayaw.
   360 | D        | Found a blossoming altar of Fedhas.
   360 | D        | Found a bloodstained altar of Trog.
   360 | D        | Found an iron altar of Okawaru.
   360 | D        | Found a snail-covered altar of Cheibriados.
   360 | D        | Found a sacrificial altar of Ru.
   360 | D        | Found a glowing silver altar of Zin.
   360 | D        | Noticed a yak
   375 | D        | Killed a yak
   375 | D        | Reached skill level 13 in Long Blades
   376 | D        | Found an ancient bone altar of Kikubaaqudgha.
   376 | D        | Found a basalt altar of Yredelemnul.
   376 | D        | Found a glowing golden altar of the Shining One.
   376 | D        | Found an opulent altar of Gozag.
   376 | D        | Found a shadowy altar of Dithmenos.
   376 | D        | Found a white marble altar of Elyvilon.
   377 | D        | Found a sparkling altar of Nemelex Xobeh.
   684 | D        | Found a burning altar of Makhleb.
   684 | D        | Found a viscous altar of Jiyva.
   684 | D        | Found a shimmering altar of Xom.
   684 | D        | Found a corrupted altar of Lugonu.
   684 | D        | Noticed a slime creature
   695 | D        | Killed a slime creature
   695 | D        | Reached skill level 14 in Long Blades
   695 | D        | Gained mutation: You have a pair of small horns on your head. [demonic ancestry]
   695 | D        | Reached XP level 7. HP: 11/52 MP: 1/7
   951 | D        | Noticed a kobold demonologist
   954 | D        | Noticed a kobold demonologist
   956 | D        | Paralysed by a floating eye for 2 turns
   963 | D        | Killed a kobold demonologist
   963 | D        | Reached *** piety under Trog
   963 | D        | Reached skill level 15 in Long Blades
   965 | D        | Reached skill level 1 in Stealth
   965 | D        | Gained mutation: Your movements are slightly less encumbered by armour. (ER -2) [demonic ancestry]
   965 | D        | Reached XP level 8. HP: 58/58 MP: 8/8
   968 | D        | Killed a kobold demonologist
   968 | D        | Reached **** piety under Trog
   968 | D        | Reached skill level 16 in Long Blades
   974 | D        | Noticed a demonic crawler
   974 | D        | Noticed a demonic crawler
   974 | D        | Noticed a demonic crawler
   974 | D        | Noticed a demonic crawler
   981 | D        | Mangled by a demonic crawler

Skill      XL: |  1  2  3  4  5  6  7  8 |
---------------+-------------------------+-----
Long Blades    | 5 8 11 14 15 16 | 16.0
Stealth        | 1 |  1.3
Fighting       | |  3.0
Armour         | |  1.7
Dodging        | |  1.7

Action                   |  1- 3 |  4- 6 |  7- 9 || total
-------------------------+-------+-------+-------++-------
Melee: Falchion          |    11 |    30 |    14 ||    55
       Headbutt          |       |       |     3 ||     3
Invok: Berserk           |     2 |     3 |     1 ||     6
       Trog's Hand       |       |       |     1 ||     1
  Eat: Fruit             |       |     2 |       ||     2
       Bread ration      |       |     1 |       ||     1
Armor: Robe              |       |     2 |     5 ||     7
Dodge: Dodged            |     4 |     8 |    14 ||    26
       Rpst.: Falchion   |     1 |     1 |     1 ||     3
